 Dungeon Crawl Stone Soup version 0.21.1-1-g345015fe64 (webtiles) character file.

74144 KingHarkinian the Cleaver (level 15, -9/120 HPs)
             Began as a Gnoll Berserker on Apr 14, 2018.
             Was an Elder of Trog.
             Killed from afar by a deep elf mage (26 damage)
             ... with a bolt of lightning
             ... on level 1 of the Orcish Mines.
             The game lasted 02:17:28 (24810 turns).

KingHarkinian the Cleaver (Gnoll Berserker)        Turns: 24810, Time: 02:17:28

Health: -9/120     AC: 20    Str: 26    XL:     15   Next: 45%
Magic:  28/28      EV: 11    Int: 10    God:    Trog [****..]
Gold:   2440       SH: 21    Dex: 18    Spells: 33/33 levels left

rFire    + . .     SeeInvis .   b - +0 broad axe (flame)
rCold    + . .     Gourm    .   O - +0 large shield
rNeg     . . .     Faith    .   Y - +0 plate armour
rPois    .         Spirit   .   D - +1 helmet
rElec    .         Reflect  +   x - scarf {rC+ rF+}
rCorr    .         Harm     .   N - +0 pair of gloves
MR       +++..                  a - +0 pair of boots
Stlth    ..........             V - +2 amulet of reflection
HPRegen  1.30/turn              Q - +4 ring of protection
MPRegen  0.21/turn              p - +4 ring of strength

@: corroded, berserk cooldown, regenerating, slowed, very slow
A: distributed training, fangs 1, strong nose
a: Berserk, Trog's Hand, Brothers in Arms, Burn Spellbooks, Renounce Religion


You were on level 1 of the Orcish Mines.
You worshipped Trog.
Trog was greatly pleased with you.
You were very hungry.

You visited 4 branches of the dungeon, and saw 21 of its levels.
You also visited: Sewer, Ossuary, Ice Cave and Volcano.

You collected 2595 gold pieces.
You spent 155 gold pieces at shops.

Inventory:

Hand Weapons
 b - a +0 broad axe of flaming (weapon)
Missiles
 g - 473 stones
 i - 3 steel tomahawks
 l - 16 javelins (quivered)
Armour
 a - a +0 pair of boots (worn)
 x - a scarf of resistance (worn)
 D - a +1 helmet (worn)
 N - a +0 pair of gloves (worn)
 O - a +0 large shield (worn)
 Y - a +0 plate armour (worn)
Jewellery
 n - an uncursed ring of protection from fire
 p - a +4 ring of strength (right hand)
 Q - a +4 ring of protection (left hand)
 S - an uncursed amulet of regeneration
 V - a +2 amulet of reflection (around neck)
Wands
 e - a wand of scattershot (2)
 h - a wand of clouds (4)
 o - a wand of polymorph (18)
 r - a wand of disintegration (13)
 y - a wand of paralysis (7)
 A - a wand of digging (10)
Scrolls
 f - 4 scrolls of fog
 t - 4 scrolls of blinking
 u - 5 scrolls of fear
 R - 2 scrolls of immolation
 X - a scroll of magic mapping
 Z - a scroll of summoning
Potions
 d - 5 potions of curing
 j - 3 potions of flight
 z - 3 potions of haste
 G - 2 potions of resistance
 K - 2 potions of agility
 L - 2 potions of might
 M - 4 potions of invisibility
 U - a potion of ambrosia
Miscellaneous
 B - a lightning rod (4/4)
Comestibles
 c - 26 rations
 k - a chunk of flesh


   Skills:
 + Level 11.7 Fighting
 + Level 9.9 Short Blades
 + Level 9.9 Long Blades
 + Level 11.7 Axes
 + Level 9.9 Maces & Flails
 + Level 9.9 Polearms
 + Level 9.9 Staves
 + Level 9.9 Slings
 + Level 9.9 Bows
 + Level 9.9 Crossbows
 + Level 9.9 Throwing
 + Level 10.8 Armour
 + Level 10.8 Dodging
 + Level 9.9 Stealth
 + Level 9.9 Shields
 + Level 9.9 Unarmed Combat
 + Level 9.9 Spellcasting
 + Level 8.3 Conjurations
 + Level 8.3 Hexes
 + Level 8.3 Charms
 + Level 8.3 Summonings
 + Level 8.3 Necromancy
 + Level 8.3 Translocations
 + Level 8.3 Transmutations
 + Level 8.3 Fire Magic
 + Level 8.3 Ice Magic
 + Level 8.3 Air Magic
 + Level 8.3 Earth Magic
 + Level 8.3 Poison Magic
 + Level 10.7 Invocations
 + Level 9.9 Evocations


You had 33 spell levels left.
You didn't know any spells.

Dungeon Overview and Level Annotations

Branches:
Dungeon (13/15)            Temple (1/1) D:5            Lair (6/6) D:10
 Shoals (0/4) Lair:2       Spider (0/4) Lair:3        Slime (0/5) Lair:6
    Orc (1/2) D:11         Vaults (0/5) D:13

Altars:
Ashenzari
Cheibriados
Dithmenos
Elyvilon
Fedhas
Gozag
Hepliaklqana
Kikubaaqudgha
Makhleb
Nemelex Xobeh
Okawaru
Qazlal
Ru
Sif Muna
Trog
Uskayaw
Vehumet
Wu Jian
Xom
Yredelemnul
Zin
The Shining One

Shops:
D:5 ?   D:8 (   D:11 [(

Annotations:
D:3 1 exclusion, KingHarkinian's ghost, amateur MiBe
D:13 Kirke
Lair:6 exclusion: oklob plant


Innate Abilities, Weirdness & Mutations

Your experience applies equally to all skills.
You have very sharp teeth.
Your uncanny sense of smell can sniff out nearby items.


Message History

The orc sorcerer mumbles some strange words.
You slice the orc sorcerer like a ripe choko!!!
You burn the orc sorcerer.
You kill the orc sorcerer!
Trog accepts your kill.
Trog appreciates your killing of a magic user.
The chaos spawn degenerates into a cloud of primal chaos!
The sun demon disappears in a puff of smoke!
You are too berserk!
You feel a strong urge to attack something.
You are no longer berserk.
Trog's vigour flows through your veins.
You are exhausted.
You feel yourself slow down.
Your skin crawls.
You feel resistant to hostile enchantments.
You feel somewhat more hungry. The deep elf mage casts a spell at you.
The bolt of lightning hits you!
You die...

### ## ###.# .## ##..## ..#
#....## .## ###.....##
.####........# ## #
...##.......#####.##.#
............##)#.#..#.#
#...)....#..##..@.....#
##.......#..#.§)......#
#..............§).....8#
....##........e...§....'
..####....#..#..[.....8#.........
..# ###....##.......8##o........
..# ##...#####.##.###.......$.
### ##... ## ###.....#.(#$ .##
#.... #............


You could see a deep elf mage.

Vanquished Creatures
  An orc warlord (Orc:1)
  4 dire elephants (Lair:6)
  An ice dragon (IceCv)
  8 hydras
  A centaur warrior (Volcano)
  11 two-headed ogres
  An anaconda (Lair:6)
  4 death yaks (Lair:6)
  An orc high priest (Orc:1)
  A deep elf knight (Orc:1)
  Nergalle (D:11)
  A lindwurm (Lair:3)
  An orc knight (Orc:1)
  3 orc sorcerers (Orc:1)
  2 deep elf magi (Orc:1)
  An ugly thing (D:11)
  3 cyclopes
  4 black mambas
  9 elephants
  2 gargoyles
  2 ice statues (IceCv)
  16 spiny frogs
  A yaktaur (Volcano)
  6 komodo dragons
  2 rime drakes (IceCv)
  A kobold demonologist (D:12)
  6 trolls
  A polar bear (Lair:3)
  2 slime creatures (Lair:6)
  9 hippogriffs
  2 hornets (Lair:3)
  Grinder (D:5)
  17 blink frogs
  6 dream sheep (Lair:6)
  3 redbacks (Lair:3)
  A vampire (D:12)
  A shadow (D:11)
  2 wyverns
  26 yaks
  3 fire bats (Lair:1)
  Eustachio (D:4)
  6 basilisks
  A hungry ghost (D:13)
  2 wargs (Orc:1)
  2 vampire mosquitoes (D:12)
  14 water moccasins
  2 hell hounds (D:10)
  9 porcupines
  Purgy (Sewer)
  2 sky beasts (D:7)
  7 orc warriors
  30 ice beasts
  2 eyes of draining
  3 phantoms
  A wolf (Lair:1)
  A necrophage (D:11)
  17 ogres
  2 centaurs
  14 crocodiles
  Blork the orc (D:4)
  A big kobold (Sewer)
  19 bullfrogs
  3 scorpions
  A wyvern skeleton (D:10)
  4 killer bees (D:12)
  4 electric eels (Lair:3)
  2 bullfrog zombies
  6 crimson imps
  A centaur zombie (D:8)
  6 howler monkeys
  7 jellies
  12 orc priests
  7 hounds
  2 centaur skeletons
  A gnoll shaman (D:8)
  3 bullfrog skeletons
  An iguana (D:12)
  14 worker ants
  Ijyb (D:5)
  12 orc wizards
  A howler monkey zombie (D:7)
  8 mummies (Ossuary)
  A worker ant zombie (D:6)
  9 gnolls
  13 adders
  A howler monkey skeleton (D:5)
  4 shadow imps
  2 worms
  2 dart slugs (D:1)
  A leopard gecko (D:7)
  56 orcs
  3 giant cockroaches
  2 gnoll zombies (Ossuary)
  11 goblins
  11 hobgoblins
  4 jackals
  7 quokkas
  7 bats
  7 frilled lizards
  3 hobgoblin zombies (Ossuary)
  8 kobolds
  A kobold zombie (Ossuary)
  A leopard gecko skeleton (D:7)
  2 orc zombies (Ossuary)
  5 rats
  7 fungi
  9 plants
579 creatures vanquished.

Vanquished Creatures (collateral kills)
  The ghost of asdpro the Severer, a journeyman MiBe of Trog (Lair:5)
  A dire elephant (Lair:6)
  2 death yaks (Lair:6)
  The ghost of epok the Basher, a journeyman GrFi of Nemelex Xobeh (Lair:2)
  A hell knight (Volcano)
  An orc knight (D:11)
  An orc sorcerer (Orc:1)
  4 elephants
  A yaktaur (Volcano)
  A komodo dragon (Lair:5)
  Prince Ribbit (Lair:2)
  5 blink frogs
  3 orc warriors
  4 centaurs (Volcano)
  A crocodile (Lair:5)
  An orc priest (Orc:1)
  A worker ant (D:11)
  A shadow imp (D:11)
  4 orcs
  A plant (Lair:5)
36 creatures vanquished.

Vanquished Creatures (others)
  An ice dragon (IceCv)
  An orc warrior (D:6)
  A bullfrog (D:6)
  A howler monkey (D:6)
  A hound (D:6)
  An orc (Orc:1)
  A giant cockroach zombie (D:6)
  10 fungi
  48 plants
65 creatures vanquished.

Grand Total: 680 creatures vanquished

Notes
Turn   | Place    | Note
-------+----------+-------------------------------------------
     0 | D:1      | KingHarkinian the Gnoll Berserker began the quest for the Orb.
     0 | D:1      | Reached XP level 1. HP: 23/23 MP: 1/1
    55 | D:1      | Reached XP level 2. HP: 29/29 MP: 2/2
   597 | D:1      | Reached XP level 3. HP: 34/35 MP: 3/3
   844 | D:2      | Reached ** piety under Trog
   970 | D:2      | Reached skill level 1 in Invocations
  1085 | D:2      | Reached skill level 1 in Short Blades
  1085 | D:2      | Reached skill level 1 in Long Blades
  1085 | D:2      | Reached skill level 1 in Maces & Flails
  1085 | D:2      | Reached skill level 1 in Polearms
  1085 | D:2      | Reached skill level 1 in Staves
  1085 | D:2      | Reached skill level 1 in Slings
  1085 | D:2      | Reached skill level 1 in Bows
  1085 | D:2      | Reached skill level 1 in Crossbows
  1085 | D:2      | Reached skill level 1 in Throwing
  1085 | D:2      | Reached skill level 1 in Stealth
  1085 | D:2      | Reached skill level 1 in Shields
  1085 | D:2      | Reached skill level 1 in Unarmed Combat
  1085 | D:2      | Reached skill level 1 in Spellcasting
  1085 | D:2      | Reached skill level 1 in Evocations
  1163 | D:2      | Reached XP level 4. HP: 41/41 MP: 5/5
  1204 | D:3      | Noticed KingHarkinian's ghost (amateur MiBe)
  1511 | D:3      | Found a deep blue altar of Sif Muna.
  1540 | D:3      | Reached skill level 1 in Conjurations
  1540 | D:3      | Reached skill level 1 in Hexes
  1540 | D:3      | Reached skill level 1 in Charms
  1540 | D:3      | Reached skill level 1 in Summonings
  1540 | D:3      | Reached skill level 1 in Necromancy
  1540 | D:3      | Reached skill level 1 in Translocations
  1540 | D:3      | Reached skill level 1 in Transmutations
  1540 | D:3      | Reached skill level 1 in Fire Magic
  1540 | D:3      | Reached skill level 1 in Ice Magic
  1540 | D:3      | Reached skill level 1 in Air Magic
  1540 | D:3      | Reached skill level 1 in Earth Magic
  1540 | D:3      | Reached skill level 1 in Poison Magic
  1755 | D:3      | Reached XP level 5. HP: 47/47 MP: 6/6
  1988 | D:4      | Noticed Blork the orc
  2001 | D:4      | Killed Blork the orc
  2001 | D:4      | Reached XP level 6. HP: 53/53 MP: 8/8
  2174 | D:4      | Reached skill level 5 in Armour
  2174 | D:4      | Reached skill level 5 in Dodging
  2226 | D:4      | Reached *** piety under Trog
  2226 | D:4      | Received a gift from Trog
  2330 | D:4      | Reached XP level 7. HP: 59/59 MP: 10/10
  2379 | D:4      | Noticed a two-headed ogre
  2404 | D:4      | Killed a two-headed ogre
  2404 | D:4      | Reached XP level 8. HP: 29/67 MP: 10/12
  2656 | D:4      | Noticed Eustachio
  2688 | D:4      | Killed Eustachio
  2806 | D:5      | Entered Level 5 of the Dungeon
  2816 | D:5      | Found Gashrez's Magic Scroll Boutique.
  2819 | D:5      | Bought a scroll of identify for 26 gold pieces
  2819 | D:5      | Bought a scroll of fear for 45 gold pieces
  2819 | D:5      | Bought a scroll of magic mapping for 45 gold pieces
  2819 | D:5      | Bought a scroll of teleportation for 39 gold pieces
  2969 | D:5      | Found a sparkling altar of Nemelex Xobeh.
  2970 | D:5      | Found an opulent altar of Gozag.
  3037 | D:5      | Noticed Ijyb
  3047 | D:5      | Killed Ijyb
  3055 | D:5      | Found a glowing drain.
  3078 | Sewer    | Entered a sewer
  3112 | Sewer    | Reached XP level 9. HP: 67/72 MP: 14/14
  3232 | Sewer    | Noticed Purgy
  3246 | Sewer    | Killed Purgy
  3365 | D:5      | Found a bloodstained altar of Trog.
  3666 | D:5      | Found a staircase to the Ecumenical Temple.
  3673 | Temple   | Entered the Ecumenical Temple
  4019 | D:5      | Noticed Grinder
  4024 | D:5      | Paralysed by Grinder for 4 turns
  4049 | D:5      | Killed Grinder
  4574 | D:6      | Received a gift from Trog
  4659 | D:6      | Found a bloodstained altar of Trog.
  4686 | D:6      | Found a shimmering altar of Xom.
  4743 | D:6      | Found a sand-covered staircase.
  4857 | Ossuary  | Entered an ossuary
  5256 | D:6      | Reached **** piety under Trog
  5453 | D:6      | Reached skill level 5 in Invocations
  6026 | D:7      | Reached XP level 10. HP: 70/80 MP: 17/17
  7135 | D:8      | Found Qufrergh's Antique Weapon Shoppe.
  7168 | D:8      | Found a shattered altar of Ashenzari.
  7184 | D:8      | Found an iron altar of Okawaru.
  7192 | D:8      | Reached skill level 5 in Short Blades
  7192 | D:8      | Reached skill level 5 in Long Blades
  7192 | D:8      | Reached skill level 5 in Maces & Flails
  7192 | D:8      | Reached skill level 5 in Polearms
  7192 | D:8      | Reached skill level 5 in Staves
  7192 | D:8      | Reached skill level 5 in Slings
  7192 | D:8      | Reached skill level 5 in Bows
  7192 | D:8      | Reached skill level 5 in Crossbows
  7192 | D:8      | Reached skill level 5 in Throwing
  7192 | D:8      | Reached skill level 5 in Stealth
  7192 | D:8      | Reached skill level 5 in Shields
  7192 | D:8      | Reached skill level 5 in Unarmed Combat
  7192 | D:8      | Reached skill level 5 in Spellcasting
  7192 | D:8      | Reached skill level 5 in Evocations
  7347 | D:8      | Found a basalt altar of Yredelemnul.
  7350 | D:8      | Noticed a two-headed ogre
  7372 | D:8      | Killed a two-headed ogre
  7443 | D:8      | Reached ***** piety under Trog
  7543 | D:8      | Found an iron altar of Okawaru.
  7544 | D:8      | Got a glittering garnet amulet
  7726 | D:8      | Found a shimmering altar of Xom.
  7910 | D:8      | Identified the amulet of Jealousy {Spirit +Inv +Fly} (You found it on level 8 of the Dungeon)
  8001 | D:9      | Found a radiant altar of Vehumet.
  8159 | D:9      | Noticed a two-headed ogre
  8173 | D:9      | Killed a two-headed ogre
  8443 | D:9      | Reached XP level 11. HP: 87/87 MP: 19/19
  9026 | D:9      | Noticed a two-headed ogre
  9034 | D:9      | Killed a two-headed ogre
  9096 | D:10     | Entered Level 10 of the Dungeon
  9115 | D:10     | Noticed a two-headed ogre
  9142 | D:9      | Killed a two-headed ogre
  9142 | D:9      | Reached skill level 5 in Conjurations
  9142 | D:9      | Reached skill level 5 in Hexes
  9142 | D:9      | Reached skill level 5 in Charms
  9142 | D:9      | Reached skill level 5 in Summonings
  9142 | D:9      | Reached skill level 5 in Necromancy
  9142 | D:9      | Reached skill level 5 in Translocations
  9142 | D:9      | Reached skill level 5 in Transmutations
  9142 | D:9      | Reached skill level 5 in Fire Magic
  9142 | D:9      | Reached skill level 5 in Ice Magic
  9142 | D:9      | Reached skill level 5 in Air Magic
  9142 | D:9      | Reached skill level 5 in Earth Magic
  9142 | D:9      | Reached skill level 5 in Poison Magic
  9651 | D:10     | Found a staircase to the Lair.
  9870 | D:10     | Noticed a two-headed ogre
  9880 | D:10     | Killed a two-headed ogre
  9964 | D:10     | Noticed a two-headed ogre
  9973 | D:10     | Killed a two-headed ogre
 10424 | D:11     | Noticed Nergalle
 10437 | D:11     | Killed Nergalle
 10527 | D:11     | Noticed a cyclops
 10529 | D:11     | Noticed a brown ugly thing
 10534 | D:11     | Killed a cyclops
 10536 | D:11     | Killed a brown ugly thing
 10550 | D:11     | Noticed an orc knight
 10563 | D:11     | Killed an orc knight
 10568 | D:11     | Received a gift from Trog
 10570 | D:11     | Reached XP level 12. HP: 96/96 MP: 22/22
 10862 | D:11     | Noticed a two-headed ogre
 10870 | D:11     | Killed a two-headed ogre
 11179 | D:11     | Noticed an eight-headed hydra
 11189 | D:11     | Killed an eight-headed hydra
 11380 | D:11     | Found Dif Bol's Weapon Boutique.
 11382 | D:11     | Found a staircase to the Orcish Mines.
 11384 | D:11     | Found Qohorchehie's Armour Boutique.
 12514 | D:12     | Noticed a two-headed ogre
 12523 | D:12     | Killed a two-headed ogre
 12596 | D:12     | Noticed a two-headed ogre
 12602 | D:12     | Killed a two-headed ogre
 12708 | D:12     | Noticed a two-headed ogre
 12715 | D:12     | Killed a two-headed ogre
 12897 | D:12     | Received a gift from Trog
 13145 | D:13     | Noticed a two-headed ogre
 13522 | D:13     | Reached skill level 10 in Fighting
 13522 | D:13     | Reached skill level 10 in Axes
 13559 | D:13     | Found a frozen archway.
 13601 | IceCv    | Entered an ice cave
 13688 | IceCv    | Reached XP level 13. HP: 55/103 MP: 24/24
 13695 | IceCv    | Identified a scroll of acquirement
 14244 | IceCv    | Noticed an ice dragon
 14248 | IceCv    | Noticed an ice dragon
 14262 | IceCv    | Killed an ice dragon
 14276 | IceCv    | Killed an ice dragon
 14322 | IceCv    | Got a bound steel amulet
 14324 | IceCv    | Identified the amulet "Tuiw" {Gourm Str+3 Int+4 Dex+4} (You found it in an ice cave)
 14662 | D:13     | Found a gate to the Vaults.
 14662 | D:13     | Noticed a vault guard
 14662 | D:13     | Noticed a vault guard
 14662 | D:13     | Noticed a vault guard
 14662 | D:13     | Noticed Kirke
 14781 | Lair:1   | Entered Level 1 of the Lair of Beasts
 15161 | Lair:1   | Received a gift from Trog
 15365 | Lair:1   | Found a dark tunnel.
 15374 | Volcano  | Entered a volcano
 15569 | Volcano  | Found a bloodstained altar of Trog.
 17179 | Lair:2   | Noticed Prince Ribbit
 17179 | Lair:2   | Noticed epok's ghost (journeyman GrFi)
 17195 | Lair:2   | Killed Prince Ribbit
 17196 | Lair:2   | Killed epok's ghost
 17602 | Lair:2   | Found a staircase to the Shoals.
 18439 | Lair:3   | Reached XP level 14. HP: 70/111 MP: 26/26
 19485 | Lair:3   | Reached skill level 10 in Armour
 19485 | Lair:3   | Reached skill level 10 in Dodging
 19779 | Lair:3   | Found a hole to the Spider Nest.
 19964 | Lair:3   | Received a gift from Trog
 20085 | Lair:4   | Found a radiant altar of Vehumet.
 20987 | Lair:5   | Noticed asdpro's ghost (journeyman MiBe)
 20998 | Lair:5   | Killed asdpro's ghost
 21012 | Lair:5   | Received a gift from Trog
 21776 | Lair:6   | Entered Level 6 of the Lair of Beasts
 21852 | Lair:6   | Reached skill level 10 in Invocations
 21872 | Lair:6   | Received a gift from Trog
 22263 | Lair:6   | Found a staircase to the Slime Pits.
 22905 | Lair:6   | Reached XP level 15. HP: 84/119 MP: 28/28
 23454 | Lair:6   | Received a gift from Trog
 23922 | Orc:1    | Entered Level 1 of the Orcish Mines
 23998 | Orc:1    | Received a gift from Trog
 24000 | Orc:1    | Noticed an orc warlord
 24015 | Orc:1    | Killed an orc warlord
 24810 | Orc:1    | Killed from afar by a deep elf mage

Skill      XL: |  1  2  3  4  5  6  7  8  9 10 11 12 13 14 |
---------------+-------------------------------------------+-----
Invocations    | 1 2 3 4 5 6 7 8 9 10 | 10.7
Short Blades   | 1 2 3 4 5 6 7 8 9 |  9.9
Long Blades    | 1 2 3 4 5 6 7 8 9 |  9.9
Maces & Flails | 1 2 3 4 5 6 7 8 9 |  9.9
Polearms       | 1 2 3 4 5 6 7 8 9 |  9.9
Staves         | 1 2 3 4 5 6 7 8 9 |  9.9
Slings         | 1 2 3 4 5 6 7 8 9 |  9.9
Bows           | 1 2 3 4 5 6 7 8 9 |  9.9
Crossbows      | 1 2 3 4 5 6 7 8 9 |  9.9
Throwing       | 1 2 3 4 5 6 7 8 9 |  9.9
Stealth        | 1 2 3 4 5 6 7 8 9 |  9.9
Shields        | 1 2 3 4 5 6 7 8 9 |  9.9
Unarmed Combat | 1 2 3 4 5 6 7 8 9 |  9.9
Spellcasting   | 1 2 3 4 5 6 7 8 9 |  9.9
Evocations     | 1 2 3 4 5 6 7 8 9 |  9.9
Conjurations   | 1 2 3 4 5 6 7 8 |  8.3
Hexes          | 1 2 3 4 5 6 7 8 |  8.3
Charms         | 1 2 3 4 5 6 7 8 |  8.3
Summonings     | 1 2 3 4 5 6 7 8 |  8.3
Necromancy     | 1 2 3 4 5 6 7 8 |  8.3
Translocations | 1 2 3 4 5 6 7 8 |  8.3
Transmutations | 1 2 3 4 5 6 7 8 |  8.3
Fire Magic     | 1 2 3 4 5 6 7 8 |  8.3
Ice Magic      | 1 2 3 4 5 6 7 8 |  8.3
Air Magic      | 1 2 3 4 5 6 7 8 |  8.3
Earth Magic    | 1 2 3 4 5 6 7 8 |  8.3
Poison Magic   | 1 2 3 4 5 6 7 8 |  8.3
Armour         | 5 6 7 8 9 10 | 10.8
Dodging        | 5 6 7 8 9 10 | 10.8
Fighting       | 7 8 9 10 11 | 11.7
Axes           | 7 8 9 10 11 | 11.7

Action                   |  1- 3 |  4- 6 |  7- 9 | 10-12 | 13-15 || total
-------------------------+-------+-------+-------+-------+-------++-------
Melee: Hand axe          |    80 |   105 |   233 |       |       ||   418
       Bite              |     9 |    12 |    47 |   129 |   204 ||   401
       Punch             |       |       |    10 |    21 |    15 ||    46
       War axe           |       |       |   149 |   448 |       ||   597
       Broad axe         |       |       |       |   338 |  1025 ||  1363
       Morningstar       |       |       |       |     8 |       ||     8
Throw: Stone             |     2 |    19 |     1 |       |       ||    22
       Javelin           |       |     4 |     2 |    10 |    33 ||    49
Invok: Berserk           |     2 |     6 |     5 |    22 |    22 ||    57
       Trog's Hand       |       |       |     1 |     2 |    13 ||    16
       Brothers in Arms  |       |       |       |     1 |    10 ||    11
       Burn Spellbooks   |       |       |       |       |     1 ||     1
  Use: Scroll            |       |     8 |    11 |     3 |    15 ||    37
       Potion            |       |       |       |     1 |     2 ||     3
 Stab: Distracted        |       |       |       |       |     1 ||     1
  Eat: Chunk             |     3 |     8 |    15 |    37 |    38 ||   101
       Ration            |       |       |     1 |     3 |     8 ||    12
Armor: Animal skin       |     9 |       |       |       |       ||     9
       Leather armour    |     5 |     4 |       |       |       ||     9
       Ring mail         |       |     4 |       |       |       ||     4
       Chain mail        |       |    19 |   143 |    75 |       ||   237
       Plate armour      |       |       |       |   428 |   578 ||  1006
       Skin              |       |       |       |       |     4 ||     4
Dodge: Dodged            |    50 |    57 |   201 |   475 |   549 ||  1332
Block: Other             |       |       |       |    51 |    38 ||    89
       Reflection        |       |       |       |       |     7 ||     7
       Large shield      |       |       |       |       |   510 ||   510
